 Dungeon Crawl Stone Soup version 0.18.1-50-g88ac8fd (webtiles) character file.

1245 Gargoyl the Agent of Entropy (level 8, -2/61 HPs)
             Began as a Demonspawn Abyssal Knight on Oct 1, 2016.
             Was a Priest of Lugonu.
             Slain by an orc warrior
             ... wielding a +0 glaive
              (21 damage)
             ... on level 6 of the Dungeon.
             The game lasted 00:12:00 (4835 turns).

Gargoyl the Agent of Entropy (DsAK)                 Turns: 4835, Time: 00:12:00

Health: -2/61      AC: 15    Str: 15    XL:     8   Next: 25%
Magic:  12/12      EV:  8    Int: 14    God:    Lugonu [***...]
Gold:   151        SH:  0    Dex: 11    Spells: 0 memorised, 7 levels left

rFire  . . .     SeeInvis .     a - +1 hand axe
rCold  . . .     Gourm    .     B - +0 chain mail
rNeg   . . .     Faith    .     (no shield)
rPois  .         Spirit   .     (no helmet)
rElec  .         Dismiss  .     m - +0 cloak
rCorr  .         Reflect  .     (no gloves)
SustAt .         Harm     .     (no boots)
MR     .....                    w - amulet of regeneration
Stlth  ..........               (no ring)
                                (no ring)

@: not resistant to hostile enchantments, extremely unstealthy
A: rough black scales 1, demonic guardian 1, rot immunity
a: Depart the Abyss, Bend Space, Banish, Renounce Religion


You were on level 6 of the Dungeon.
You worshipped Lugonu.
Lugonu was most pleased with you.
You were very hungry.

You visited 1 branch of the dungeon, and saw 6 of its levels.
You visited the Abyss 1 time.

You collected 151 gold pieces.

Inventory:

Hand Weapons
 a - a +1 hand axe (weapon)
Missiles
 A - 7 javelins (quivered)
Armour
 m - a +0 cloak (worn)
 B - a +0 chain mail (worn)
Jewellery
 e - a +3 amulet of reflection
 g - a cursed -6 ring of intelligence {unknown}
 w - an amulet of regeneration (around neck)
Wands
 s - a wand of slowing (25/48)
 F - a wand of slowing (25/48)
Scrolls
 d - a scroll of immolation {unknown}
 f - 4 scrolls of identify
 j - a scroll of teleportation {unknown}
 u - a scroll of blinking {unknown}
 y - 2 scrolls of remove curse {unknown}
Potions
 i - 4 potions of brilliance
 k - a potion of cure mutation {unknown}
 n - a potion of agility
 o - 4 potions of curing {unknown}
 q - 3 potions of lignification {unknown}
 r - a potion of haste {unknown}
 t - a potion of degeneration {unknown}
 z - a potion of magic {unknown}
 D - a potion of resistance
 E - a potion of ambrosia {unknown}
Books
 v - a book of Enchantments

   Spells                             Type                      Level
   a - Cause Fear                     Hexes                        4
   b - Yara's Violent Unravelling     Hexes/Transmutation          5
   c - Silence                        Hexes/Air                    5
   d - Deflect Missiles               Charms/Air                   6
   e - Haste                          Charms                       6
   f - Discord                        Hexes                        8
Comestibles
 b - 3 meat rations
 c - 3 bread rations
 h - 4 beef jerkies
 l - a slice of pizza
 p - a royal jelly
 x - 4 fruits


   Skills:
 + Level 4.4 Fighting
 + Level 3.9 Axes
 + Level 0.3 Throwing
 * Level 5.6 Armour
 + Level 4.1 Dodging
 * Level 5.7 Invocations


You had 7 spell levels left.
You didn't know any spells.

Dungeon Overview and Level Annotations

Branches:
Dungeon (6/15)             Temple (0/1) D:4

Altars:
Ashenzari
Cheibriados
Dithmenos
Gozag
Nemelex Xobeh
Sif Muna
Vehumet
Xom
Yredelemnul


Innate Abilities, Weirdness & Mutations

You are partially covered in rough black scales (AC +4, Dex -1).
A weak demonic guardian rushes to your aid.
You are immune to rotting.


Message History

Your chain mail prevents you from hitting the orc warrior.
The orc warrior is lightly wounded.
Your iron imp closely misses the orc warrior.
The orc warrior closely misses you.
You hit the orc warrior but do no damage.
The orc warrior is lightly wounded.
Your iron imp hits the orc warrior.
You hit the orc warrior but do no damage.
The orc warrior is lightly wounded.
The orc warrior hits you with a glaive!!
* * * LOW HITPOINT WARNING * * *
You closely miss the orc warrior.
The orc warrior is lightly wounded.
The orc warrior hits you with a glaive.
* * * LOW HITPOINT WARNING * * *
Your iron imp hits the orc warrior.
Drink which item? (? for menu, Esc to quit)
You feel much better.
Your iron imp hits the orc warrior.
The orc warrior hits you with a glaive!!
You die...

...........# #.##
...........# #..#
...........# ##.# ####
...........# #.## #..
...........####..# #.#
.)............##.###.########
.............................
..............###.##..###.###
###########....5@5....#
#....##o.##.# #....##.....#
###########....##..####
..........####.##..#
..........# #.##...
..........####.##.#..
...............##.#..
..........######


You could see an orc warrior, a friendly iron imp and a friendly white imp.

Vanquished Creatures
  The ghost of Osys the Chopper, an amateur MiBe of Trog (D:4)
  2 ogres
  A scorpion (D:5)
  Dowan (D:5)
  A crimson imp (D:3)
  A hound (D:5)
  A jelly (D:5)
  2 orc priests (D:4)
  Natasha (twice) (D:2 D:3)
  Ijyb (D:2)
  2 worker ants (D:4)
  6 gnolls
  5 adders
  An ooze (D:4)
  An adder skeleton (D:5)
  4 worms
  2 dart slugs
  3 giant geckos
  11 orcs
  3 giant cockroaches
  3 goblins
  9 hobgoblins
  4 jackals
  A quokka (D:3)
  A ball python (D:3)
  8 bats
  2 giant gecko skeletons (D:4)
  7 giant newts
  A jackal zombie (D:5)
  8 kobolds
  7 rats
102 creatures vanquished.

Vanquished Creatures (collateral kills)
  Duvessa (D:5)
  A giant frog (D:6)
  A scorpion (D:4)
  5 crimson imps
  2 hounds
  An orc priest (D:4)
  Terence (D:2)
  Natasha (D:3)
  2 worker ants
  An adder (D:3)
  2 gnolls (D:3)
  2 hobgoblins (D:2)
  A goblin (D:3)
21 creatures vanquished.

Vanquished Creatures (others)
  A crimson imp (D:6)
1 creature vanquished.

Grand Total: 124 creatures vanquished

Notes
Turn   | Place    | Note
--------------------------------------------------------------
     0 | Abyss:1  | Gargoyl the Demonspawn Abyssal Knight began the quest for the Orb.
     0 | Abyss:1  | Reached XP level 1. HP: 18/18 MP: 2/2
    24 | Abyss:2  | Found a stormy altar of Qazlal.
    46 | Abyss:2  | Noticed a tentacled starspawn
    46 | D:1      | Escaped the Abyss
    78 | D:1      | Reached skill level 1 in Dodging
   140 | D:1      | Reached * piety under Lugonu
   305 | D:1      | Gained mutation: A weak demonic guardian rushes to your aid. [demonic ancestry]
   305 | D:1      | Reached XP level 2. HP: 18/24 MP: 3/3
   570 | D:1      | HP: 1/24 [kobold/short sword (2)]
   744 | D:1      | Reached XP level 3. HP: 29/29 MP: 5/5
  1003 | D:2      | Noticed Ijyb
  1011 | D:2      | Killed Ijyb
  1083 | D:2      | Reached ** piety under Lugonu
  1092 | D:2      | Noticed Natasha
  1098 | D:2      | Noticed Terence
  1101 | D:2      | Killed Natasha
  1101 | D:2      | Reached XP level 4. HP: 26/35 MP: 6/6
  1108 | D:2      | Killed Terence
  1557 | D:3      | Noticed Natasha
  1569 | D:3      | Killed Natasha
  2003 | D:3      | Noticed Natasha
  2011 | D:3      | Killed Natasha
  2011 | D:3      | Reached XP level 5. HP: 26/41 MP: 8/8
  2210 | D:3      | Found a shimmering altar of Xom.
  2700 | D:3      | Found a snail-covered altar of Cheibriados.
  2709 | D:3      | Reached XP level 6. HP: 38/48 MP: 9/9
  3137 | D:4      | Reached *** piety under Lugonu
  3221 | D:4      | Noticed Osys's ghost (amateur MiBe)
  3244 | D:4      | Killed Osys's ghost
  3244 | D:4      | Gained mutation: You are partially covered in rough black scales (AC +4, Dex -1). [demonic ancestry]
  3244 | D:4      | Reached XP level 7. HP: 23/53 MP: 10/10
  3365 | D:4      | HP: 2/54 [orc priest/divine providence (16)]
  3467 | D:4      | Found a shadowy altar of Dithmenos.
  3470 | D:4      | Found a sparkling altar of Nemelex Xobeh.
  3473 | D:4      | Found a radiant altar of Vehumet.
  3563 | D:4      | Found a deep blue altar of Sif Muna.
  3624 | D:4      | Found a staircase to the Ecumenical Temple.
  3824 | D:4      | Reached skill level 5 in Invocations
  3835 | D:4      | Found a shattered altar of Ashenzari.
  3883 | D:4      | Found an opulent altar of Gozag.
  3966 | D:5      | Entered Level 5 of the Dungeon
  3966 | D:5      | Found a basalt altar of Yredelemnul.
  4125 | D:5      | Noticed Dowan
  4141 | D:5      | Noticed Duvessa
  4151 | D:5      | Killed Dowan
  4157 | D:5      | Killed Duvessa
  4157 | D:5      | Reached skill level 5 in Armour
  4365 | D:5      | Gained mutation: You are immune to rotting. [demonic ancestry]
  4365 | D:5      | Reached XP level 8. HP: 41/60 MP: 12/12
  4750 | D:6      | Reached **** piety under Lugonu
  4833 | D:6      | HP: 3/61 [orc warrior/glaive (23)]
  4835 | D:6      | Slain by an orc warrior

Skill      XL: |  1  2  3  4  5  6  7 |
---------------+----------------------+-----
Dodging        | 1 2 3 4 |  4.1
Armour         | 2 3 4 5 |  5.6
Invocations    | 3 4 5 |  5.7
Axes           | 2 3 |  3.9
Fighting       | 4 |  4.4
Throwing       | |  0.3

Action                   |  1- 3 |  4- 6 |  7- 9 || total
-------------------------+-------+-------+-------++-------
Melee: Hand axe          |   136 |   286 |   219 ||   641
Throw: Javelin           |       |       |     6 ||     6
Invok: Depart the Abyss  |     1 |       |       ||     1
       Banish            |       |       |     1 ||     1
  Use: Potion            |     5 |       |     1 ||     6
       Scroll            |       |     2 |       ||     2
 Stab: Invisible         |     1 |       |       ||     1
  Eat: Chunk             |     1 |     7 |     5 ||    13
Armor: Leather armour    |    24 |       |       ||    24
       Ring mail         |    47 |     1 |       ||    48
       Scale mail        |       |   133 |    12 ||   145
       Chain mail        |       |       |   118 ||   118
Dodge: Dodged            |    95 |   157 |   108 ||   360
Block: Other             |    19 |    28 |       ||    47
       Reflection        |     1 |       |       ||     1
